AoeStats
← beaubrent

Arena

506615646Analyzed
1v1 RM · 17d ago on Sep 14, 2026· 80m 57s· 2 players
Game mode
Random Map
Map size
Tiny (2 player)
Population
200
Speed
Normal
Resources
Standard
Victory
Conquest
Starting age
Dark Age
Ending age
Imperial Age
RankedLock teamsTeams togetherTeam positionsShared explorationLock speedFull tech treeHidden civsTurbo modeCheats
Victory
Defeat
🇷🇺 Britons · Russia
397
+13
🇧🇪 Bulgarians · Belgium
341
-13
UMMA KHAN
10:55 Feudal Age
13:37 Wheelbarrow
13:58 Double-Bit Axe
18:53 Castle Age
16:46 Horse Collar
20:15 Hand Cart
28:12 Yeomen
30:14 Loom
30:44 Stone Mining
32:29 Gold Mining
33:26 Bow Saw
33:19 Heavy Plow
34:24 Gold Shaft Mining
39:22 Imperial Age
37:00 Town Watch
37:21 Fletching
37:54 Ballistics
39:01 Masonry
39:02 Fortified Wall
39:16 Murder Holes
40:02 Bodkin Arrow
43:06 Imperial Age
42:35 Treadmill Crane
45:32 Warwolf
46:11 Hoardings
48:26 Architecture
49:29 Two-Man Saw
48:33 Town Patrol
49:15 Conscription
49:34 Arrowslits
51:33 Siege Engineers
52:29 Chemistry
51:55 Bracer
52:46 Elite Longbowman
55:05 Padded Archer Armor
56:06 Leather Archer Armor
58:05 Ring Archer Armor
57:43 Scale Barding Armor
57:39 Scale Mail Armor
57:50 Forging
59:20 Onager
62:32 Iron Casting
62:14 Chain Mail Armor
62:19 Chain Barding Armor
63:54 Arson
64:09 Squires
63:30 Pikeman
68:39 Halberdier
69:48 Light Cavalry
71:08 Plate Barding Armor
71:04 Plate Mail Armor
71:34 Blast Furnace
beaubrent
2:41 Loom
12:12 Feudal Age
12:42 Double-Bit Axe
14:58 Stone Mining
14:59 Gold Mining
23:30 Castle Age
22:10 Forging
23:40 Scale Mail Armor
23:41 Padded Archer Armor
23:32 Fletching
23:48 Scale Barding Armor
24:44 Elite Skirmisher
24:48 Pikeman
25:29 Squires
29:16 Gambesons
37:33 Imperial Age
36:06 Chain Mail Armor
37:58 Iron Casting
37:39 Leather Archer Armor
40:16 Capped Ram
42:09 Blast Furnace
41:40 Plate Mail Armor
43:00 Horse Collar
43:47 Bow Saw
45:34 Theocracy
45:30 Illumination
45:08 Devotion
46:37 Heavy Plow
49:05 Wheelbarrow
49:29 Chain Barding Armor
52:01 Chemistry
52:12 Elite Konnik
52:54 Stirrups
52:38 Siege Ram
54:53 Gold Shaft Mining
54:58 Stone Shaft Mining
56:10 Conscription
56:40 Fervor
58:39 Halberdier
66:45 Plate Barding Armor
66:32 Siege Engineers
Connection lost

Rejoining the realm…

Still unreachable

The connection could not be restored.

Session expired

The server has moved on; the page needs a fresh start.